 Dungeon Crawl Stone Soup version 0.19-a0-503-g45a6586 (webtiles) character file.

128 st0uf the Skirmisher (level 5, -8/43 HPs)
             Began as a Formicid Abyssal Knight on June 5, 2016.
             Was a Follower of Lugonu.
             Mangled by Crazy Yiuf
             ... wielding a +2 quarterstaff of chaos
              (10 damage)
             ... on level 2 of the Dungeon.
             The game lasted 00:07:40 (2742 turns).

st0uf the Skirmisher (Formicid Abyssal Knight)      Turns: 2742, Time: 00:07:41

Health: -8/43      AC:  9    Str: 17    XL:     5   Next: 34%
Magic:  6/6        EV:  7    Int: 12    God:    Lugonu [*.....]
Gold:   130        SH:  0    Dex: 10    Spells: 0 memorised, 4 levels left

rFire  . . .     SeeInvis +     a - +1 falchion
rCold  . . .     Gourm    .     j - +0 chain mail
rNeg   . . .     Faith    .     (no shield)
rPois  .         Spirit   .     (helmet unavailable)
rElec  .         Dismiss  .     (no cloak)
rCorr  .         Reflect  .     (no gloves)
SustAt .         Harm     .     (no boots)
MR     .....                    (no amulet)
Stlth  ..........               (no ring)
                                (no ring)

@: lethally poisoned (-8 -> -16), not resistant to hostile enchantments,
extremely unstealthy
A: permanent stasis, dig shafts and tunnels, four strong arms, antennae 3
a: Dig, Shaft Self, Depart the Abyss, Renounce Religion


You were on level 2 of the Dungeon.
You worshipped Lugonu.
Lugonu was aware of your devotion.
You were not hungry.

You visited 1 branch of the dungeon, and saw 2 of its levels.
You visited the Abyss 1 time.

You collected 130 gold pieces.

Inventory:

Hand Weapons
 a - a +1 falchion (weapon)
Armour
 j - a +0 chain mail (worn)
Scrolls
 d - 2 scrolls of enchant weapon {unknown}
 f - a scroll of enchant armour {unknown}
 g - a scroll of amnesia {unknown}
 i - a scroll of remove curse {unknown}
 k - 2 scrolls of identify {unknown}
 l - a scroll of magic mapping {unknown}
 n - a scroll of fear {unknown}
 r - a scroll of teleportation {unknown}
Potions
 b - a potion of flight {unknown}
 e - a potion of cure mutation {unknown}
 h - a potion of ambrosia {unknown}
 m - 2 potions of magic {unknown}
 o - a potion of berserk rage {unknown}
 q - a potion of curing {unknown}
Comestibles
 c - a bread ration
 p - a meat ration


   Skills:
 + Level 4.3 Fighting
 + Level 3.1 Long Blades
 + Level 3.2 Armour
 + Level 1.6 Dodging
 + Level 2.5 Invocations


You had 4 spell levels left.
You didn't know any spells.

Dungeon Overview and Level Annotations

Branches:
Dungeon (2/15)

Altars:
Elyvilon

Annotations:
D:2 Crazy Yiuf


Innate Abilities, Weirdness & Mutations

You are under a permanent stasis effect.
You can dig through walls and to a lower floor.
Your four strong arms can wield two-handed weapons with a shield.
You have a pair of large antennae on your head. (SInv)


Message History

You are more poisoned.
You hit Crazy Yiuf.
Crazy Yiuf is almost dead.
You feel sick.
Crazy Yiuf hits you with a quarterstaff of chaos!
You are electrocuted!
* * * LOW HITPOINT WARNING * * *
You closely miss Crazy Yiuf.
Crazy Yiuf is almost dead.
* * * LOW HITPOINT WARNING * * *
You feel sick.
Crazy Yiuf whimpers, "Hack snail sing-song!"
Crazy Yiuf hits you with a quarterstaff of chaos.
* * * LOW HITPOINT WARNING * * *
Your chain mail prevents you from hitting Crazy Yiuf.
Crazy Yiuf is almost dead.
* * * LOW HITPOINT WARNING * * *
You feel sick. Crazy Yiuf hits you but does no damage.
Space warps horribly around you!
You die...

#######......####...########
#...............'...........
#.#####......####......#####
#.# ######## ###....# #.#
##...# #.# #...# #.##### ###
#...# #.....## ###..)# #####
#....P.####@g...#
##...PP.#..##...#
##..P.#.### ### ########


You could see Crazy Yiuf.

Vanquished Creatures
  Jessica (D:2)
  Terence (D:2)
  An adder (D:2)
  3 gnolls
  3 worms (D:2)
  2 dart slugs (D:1)
  An orc (D:2)
  3 giant cockroaches
  2 goblins
  3 hobgoblins
  4 bats (D:1)
  2 giant newts
  2 kobolds (D:2)
  3 rats (D:1)
  A fungus (D:2)
32 creatures vanquished.

Notes
Turn   | Place    | Note
--------------------------------------------------------------
     0 | Abyss:1  | st0uf the Formicid Abyssal Knight began the quest for the Orb.
     0 | Abyss:1  | Reached XP level 1. HP: 18/18 MP: 2/2
    47 | Abyss:1  | Noticed an ancient zyme
   120 | Abyss:2  | Noticed a wretched star
   158 | Abyss:2  | Noticed a small abomination
   178 | Abyss:2  | Noticed an Executioner
   180 | D:1      | Escaped the Abyss
   439 | D:1      | Reached XP level 2. HP: 13/25 MP: 3/3
   442 | D:1      | Reached skill level 1 in Dodging
   694 | D:1      | Reached * piety under Lugonu
  1138 | D:2      | Found a white marble altar of Elyvilon.
  1199 | D:2      | Reached XP level 3. HP: 19/30 MP: 4/4
  1737 | D:2      | Noticed Jessica
  1752 | D:2      | Killed Jessica
  1752 | D:2      | Reached skill level 4 in Fighting
  1752 | D:2      | Reached XP level 4. HP: 26/37 MP: 5/5
  2177 | D:2      | Reached XP level 5. HP: 35/43 MP: 6/6
  2191 | D:2      | Noticed Terence
  2208 | D:2      | Killed Terence
  2733 | D:2      | Noticed Crazy Yiuf
  2742 | D:2      | HP: 2/43 [poisoned by Crazy Yiuf]
  2742 | D:2      | Mangled by Crazy Yiuf

Vault maps used:
D:1:      minmay_arrival_solitary_statue, minmay_vboxes
D:2:      nicolae_overflow_crystal_walls, uniq_crazy_yiuf_cottage, uniq_jessica,
          uniq_terence
Abyss:2:  evilmike_abyss_exit_plants, evilmike_abyss_exit_1

Skill      XL: |  1  2  3  4  5 |
---------------+----------------+-----
Dodging        | 1 |  1.6
Fighting       | 4 |  4.3
Armour         | 3 |  3.2
Long Blades    | 3 |  3.1
Invocations    | |  2.5

Action                   |  1- 3 |  4- 6 || total
-------------------------+-------+-------++-------
Melee: Falchion          |    92 |    62 ||   154
Invok: Depart the Abyss  |     1 |       ||     1
  Eat: Chunk             |     3 |     3 ||     6
Armor: Leather armour    |     6 |       ||     6
       Chain mail        |    38 |    22 ||    60
Dodge: Dodged            |    31 |     7 ||    38
